[Event "Titled Tuesday Blitz December 7 2021"]
[White "Erdogdu, Mert"]
[Black "Saraci, Nderim"]
[WhiteFideId "6301495"]
[BlackFideId "6351921"]
[WhiteElo "2485"]
[BlackElo "2479"]
[Result "0-1"]
[Round "10"]
[TimeControl "180+1"]
[Date "2021.12.07"]
[WhiteClock "0:00:08"]
[BlackClock "0:00:13"]

1. e4 e5 2. Nf3 Nc6 3. Bc4 Bc5 4. c3 Nf6 5. d3 O-O 6. O-O a5 7. a4 d6 8. Bg5 h6 9. Bh4 Re8 10. Nbd2 Bd7 11. Re1 Be6 12. Bb5 Bd7 13. Nf1 Nb8 14. Bc4 Be6 15. Ne3 Bxe3 16. Rxe3 Bxc4 17. dxc4 Nbd7 18. Nd2 Qe7 19. Qc2 Qe6 20. Rd1 Nc5 21. f3 Rf8 22. Re2 Nh5 23. b3 Nf4 24. Re3 f5 25. exf5 Rxf5 26. Bg3 Qf7 27. Ne4 Nfe6 28. Nf2 Ng5 29. Bh4 Nge6 30. Kh1 Rf8 31. b4 Nd7 32. Ne4 b6 33. Bg3 Ng5 34. Nxg5 Rxg5 35. Qe4 Nf6 36. Qc6 Nh5 37. Bh4 Rg6 38. Re4 Rxg2 39. Rxe5 Rxh2+ 40. Kxh2 Qf4+ 41. Kg2 dxe5 42. Qe4 Qf7 43. Rd8 Nf4+ 44. Kf2 Rxd8 45. Bxd8 Ne6 46. Bh4 axb4 47. cxb4 Nd4 48. a5 Qxc4 49. Qxe5 Qc2+ 50. Kf1 Qd1+ 51. Be1 Qxf3+ 52. Bf2 Qh1+ 53. Bg1 Qxg1+ 54. Kxg1 Nf3+ 55. Kf2 Nxe5 56. a6 Nc6 0-1


[Site "https://www.chess.com"]

[Event "Titled Tuesday Blitz December 7 2021"]
[White "Faizrakhmanov, Ramil"]
[Black "Jobava, Baadur"]
[WhiteFideId "24103209"]
[BlackFideId "13601520"]
[WhiteElo "2396"]
[BlackElo "2689"]
[Result "1-0"]
[Round "10"]
[TimeControl "180+1"]
[Date "2021.12.07"]
[WhiteClock "0:00:15"]
[BlackClock "0:00:15"]

1. e4 c6 2. d4 d5 3. e5 Bf5 4. Nf3 e6 5. Be2 Ne7 6. O-O h6 7. Nbd2 Bh7 8. Nb3 Ng6 9. a4 Be7 10. a5 O-O 11. c4 Na6 12. Be3 dxc4 13. Bxc4 Nb4 14. Nc5 b6 15. axb6 axb6 16. Rxa8 Qxa8 17. Nd7 Rd8 18. Nxb6 Qb7 19. Na4 Nh4 20. Nxh4 Bxh4 21. Nc5 Qe7 22. g3 Nc2 23. Bd3 Bxd3 24. Nxd3 Nxd4 25. gxh4 Qxh4 26. Nf4 Qg5+ 27. Ng2 Qxe5 28. Bxd4 Rxd4 29. Qc2 Qd5 30. Ne3 Qg5+ 31. Kh1 c5 32. Rg1 Qe5 33. Qe2 Rb4 34. Qf3 Qxb2 35. Ng4 Kh7 36. Qxf7 Re4 37. Nxh6 Qf6 38. Qg8+ 1-0


[Site "https://www.chess.com"]

[Event "Titled Tuesday Blitz December 7 2021"]
[White "Ferreira, Vitor Hugo Vieira"]
[Black "Rosenberg, Evan S"]
[WhiteFideId "2119765"]
[BlackFideId "2019299"]
[WhiteElo "2216"]
[BlackElo "2352"]
[Result "0-1"]
[Round "10"]
[TimeControl "180+1"]
[Date "2021.12.07"]
[WhiteClock "0:01:14"]
[BlackClock "0:00:08"]

1. e4 e5 2. Nf3 Nc6 3. Bb5 a6 4. Ba4 Nf6 5. O-O Be7 6. Re1 b5 7. Bb3 O-O 8. c3 d5 9. exd5 Nxd5 10. d4 exd4 11. cxd4 Bf6 12. Nc3 Nxc3 13. bxc3 Na5 14. Bc2 Nc4 15. a4 Bb7 16. Qd3 g6 17. Bh6 Re8 18. Rab1 Qd5 19. axb5 axb5 20. Bb3 Qh5 21. Bf4 Qg4 22. Bg3 Bxf3 23. gxf3 Qh5 24. Bxc4 bxc4 25. Qxc4 Qxf3 26. Qxc7 Rxe1+ 27. Rxe1 Kg7 28. Be5 Bxe5 29. Qxe5+ Qf6 30. Qe3 Rc8 31. Rc1 Rc6 32. Kg2 Re6 33. Qf3 Qg5+ 34. Qg3 Qxc1 35. d5 Rf6 36. Qe5 Qf4 37. Qe2 Qg5+ 38. Kf1 Qxd5 39. c4 Qh1# 0-1


[Site "https://www.chess.com"]

[Event "Titled Tuesday Blitz December 7 2021"]
[White "Gabdushev, Ruslan"]
[Black "Mickiewicz, Piotr"]
[WhiteFideId "4137833"]
[BlackFideId "1114891"]
[WhiteElo "2312"]
[BlackElo "2266"]
[Result "1-0"]
[Round "10"]
[TimeControl "180+1"]
[Date "2021.12.07"]
[WhiteClock "0:00:06"]
[BlackClock "0:00:08"]

1. c4 g6 2. Nc3 Bg7 3. g3 d6 4. Bg2 Nf6 5. e4 O-O 6. Nge2 c5 7. O-O Nc6 8. h3 Ne8 9. a3 Nc7 10. Rb1 a5 11. d3 Ne6 12. Kh2 Ned4 13. Nxd4 Nxd4 14. Bd2 Bd7 15. b4 axb4 16. axb4 Bc6 17. Be3 e6 18. Ne2 Ra2 19. Nxd4 Bxd4 20. Bxd4 cxd4 21. Qc1 e5 22. Rb2 Ra3 23. Qd2 Kg7 24. f4 Qa8 25. h4 Rc3 26. Ra2 Rxd3 27. Qf2 Qd8 28. h5 f6 29. Rc1 Re3 30. c5 Bxe4 31. Bxe4 Rxe4 32. Ra7 Rf7 33. Qf3 d5 34. c6 bxc6 35. h6+ Kg8 36. Rxf7 Kxf7 37. fxe5 Rxe5 38. Rxc6 Qe7 39. b5 Re2+ 40. Kg1 Qe3+ 41. Qxe3 dxe3 42. Rc7+ Ke6 43. Rxh7 Rb2 44. Rh8 Ke7 45. h7 Rb1+ 46. Kg2 e2 47. Re8+ Kxe8 48. h8=Q+ Kd7 49. Qg7+ Ke6 50. Qg8+ Kf5 51. Qxd5+ Kg4 52. Qe4+ Kg5 53. Qxb1 e1=N+ 54. Qxe1 Kg4 55. Qe4+ Kg5 56. Qf4+ Kh5 57. Qh4# 1-0


[Site "https://www.chess.com"]

[Event "Titled Tuesday Blitz December 7 2021"]
[White "Gevorgyan, Maria"]
[Black "Adewumi, Tanitoluwa"]
[WhiteFideId "13300270"]
[BlackFideId "30966396"]
[WhiteElo "2210"]
[BlackElo "2559"]
[Result "1-0"]
[Round "10"]
[TimeControl "180+1"]
[Date "2021.12.07"]
[WhiteClock "0:00:04"]
[BlackClock "0:00:06"]

1. e4 c6 2. d4 d5 3. e5 c5 4. dxc5 Nc6 5. Bb5 e6 6. b4 a5 7. c3 Ne7 8. Bd2 Ng6 9. Nf3 Qc7 10. Qe2 Bd7 11. Bxc6 Bxc6 12. O-O Ba4 13. a3 b6 14. cxb6 Qxb6 15. Be3 Qb5 16. Qd2 Qc4 17. Bd4 Bb5 18. Re1 axb4 19. cxb4 Be7 20. Nc3 Bd7 21. Ne2 O-O 22. Rec1 Qa6 23. Ng3 Bb5 24. Nh5 Rfc8 25. Ng5 Bd3 26. Nh3 Bf5 27. N5f4 Nxf4 28. Nxf4 Bg5 29. Be3 Bxf4 30. Bxf4 Rc4 31. Be3 Rac8 32. Bc5 Rxc1+ 33. Qxc1 Qd3 34. a4 Qb3 35. a5 d4 36. a6 d3 37. a7 Qd5 38. Qd2 Ra8 39. f3 h6 40. Rc1 Bg6 41. b5 Qxe5 42. b6 Qd5 43. Bf2 Qb7 44. Qb4 Rd8 45. Rc7 Qa6 46. b7 d2 47. Qxd2 Rxd2 48. b8=Q+ Kh7 49. Be3 Rd1+ 50. Kf2 Qf1+ 51. Kg3 Qe1+ 52. Bf2 Qe5+ 53. Kh3 Bf5+ 54. g4 Rd3 55. Bg3 Rxf3 56. gxf5 Qxf5+ 57. Kg2 Qe4 58. a8=Q Qe2+ 59. Kh3 Qf1+ 60. Kg4 Rxg3+ 61. Kxg3 Qg1+ 62. Qg2 Qe3+ 63. Qf3 Qg5+ 64. Kh3 f5 65. Rc8 Qd2 66. Rh8+ Kg6 67. Qe8+ Kf6 68. Rf8+ Ke5 69. Qb5+ Kd6 70. Rd8+ Ke7 71. Rxd2 1-0


[Site "https://www.chess.com"]

[Event "Titled Tuesday Blitz December 7 2021"]
[White "Golubka, Petro"]
[Black "Demin, Vladimir"]
[WhiteFideId "14114224"]
[BlackFideId "4167457"]
[WhiteElo "2392"]
[BlackElo "2500"]
[Result "1-0"]
[Round "10"]
[TimeControl "180+1"]
[Date "2021.12.07"]
[WhiteClock "0:01:19"]
[BlackClock "0:00:54"]

1. e4 Nf6 2. e5 Nd5 3. d4 d6 4. Bc4 Nb6 5. Bb3 dxe5 6. Qh5 e6 7. dxe5 a5 8. a3 Na6 9. Nc3 Nc5 10. Ba2 g6 11. Qh3 Bg7 12. Be3 Ncd7 13. f4 O-O 14. O-O-O Qe7 15. Nf3 Nc5 16. g4 Nba4 17. Ng5 h6 18. Nce4 hxg5 19. Nxg5 Rd8 20. Qh7+ Kf8 21. h4 Rxd1+ 22. Rxd1 Nxb2 23. Rd8+ Qxd8 24. Bxc5+ Ke8 25. Qxg7 Nd3+ 26. cxd3 1-0


[Site "https://www.chess.com"]

[Event "Titled Tuesday Blitz December 7 2021"]
[White "Grineva, Marianna"]
[Black "Ljukin, Sergei"]
[WhiteFideId "14102013"]
[BlackFideId "14102200"]
[WhiteElo "1953"]
[BlackElo "2311"]
[Result "0-1"]
[Round "10"]
[TimeControl "180+1"]
[Date "2021.12.07"]
[WhiteClock "0:00:01"]
[BlackClock "0:00:17"]

1. e4 e6 2. d4 d5 3. Nd2 Nf6 4. e5 Nfd7 5. Bd3 c5 6. c3 Nc6 7. Ne2 cxd4 8. cxd4 f6 9. exf6 Qxf6 10. Nf3 h6 11. O-O Bd6 12. Ng3 O-O 13. Nh5 Qf7 14. Nh4 Rd8 15. Bg6 Qe7 16. g3 Nf8 17. Bc2 Qf7 18. a3 Nxd4 19. Qxd4 Qxh5 20. Qd3 Bd7 21. Bd2 Bc6 22. Rae1 e5 23. Bb4 e4 24. Qb3 Bxb4 25. Qxb4 Qe5 26. Bb3 Kh8 27. Qxf8+ Rxf8 28. Ng6+ Kh7 29. Nxe5 Rae8 30. Nxc6 bxc6 31. Ba4 Rc8 32. Rc1 c5 33. Rfd1 d4 34. Rc4 Rb8 35. b4 cxb4 36. axb4 e3 37. fxe3 dxe3 38. Re1 Rf2 39. Rxe3 Rb2 40. Rb3 Ra2 41. Bc6 Rd8 42. Be4+ Kg8 43. Rc2 Rd1+ 44. Kg2 Rxc2+ 45. Bxc2 Rd2+ 46. Kh3 Rxc2 47. Ra3 Rc7 48. Ra6 Rb7 49. Kg2 Kf7 50. Kf3 Ke7 51. h4 Kd7 52. Rg6 Ke8 53. Re6+ Kf7 54. Re4 Kf6 55. g4 Rb5 56. Rc4 Rb7 57. Kf4 Rd7 58. Rc6+ Kf7 0-1


[Site "https://www.chess.com"]

[Event "Titled Tuesday Blitz December 7 2021"]
[White "Gubsky, Egor"]
[Black "Gunduz, Umut Erdem"]
[WhiteFideId "4194055"]
[BlackFideId "6381383"]
[WhiteElo "2258"]
[BlackElo "2096"]
[Result "0-1"]
[Round "10"]
[TimeControl "180+1"]
[Date "2021.12.07"]
[WhiteClock "0:00:02"]
[BlackClock "0:00:18"]

1. d4 Nf6 2. c4 e6 3. Nf3 c5 4. d5 d6 5. Nc3 exd5 6. cxd5 g6 7. Bf4 a6 8. a4 Bg7 9. h3 O-O 10. e3 Re8 11. Be2 Ne4 12. Rc1 Nd7 13. Nxe4 Rxe4 14. Bxd6 Bxb2 15. Rc2 Qf6 16. O-O Ba3 17. Bf4 Rxa4 18. d6 b5 19. Qd5 Rb8 20. Qc6 Qd8 21. Bg5 f6 22. Qd5+ Kg7 23. Bf4 Bb7 24. Qe6 Qe8 25. Qg4 Ne5 26. Qg3 Nxf3+ 27. Bxf3 Bxf3 28. Qxf3 Qd7 29. Rd1 c4 30. Qg3 Rb4 31. Qh4 Rb2 32. Rxb2 Bxb2 33. Qh6+ Kg8 34. Rd5 c3 35. Rc5 Rc8 36. Rc7 Rxc7 37. dxc7 c2 38. e4 Be5 39. Bc1 Qxc7 40. g3 b4 41. Qe3 Qc4 42. Qb6 b3 0-1


[Site "https://www.chess.com"]

[Event "Titled Tuesday Blitz December 7 2021"]
[White "Guseva, Marina"]
[Black "Tasev, Dejan"]
[WhiteFideId "4149351"]
[BlackFideId "936618"]
[WhiteElo "2279"]
[BlackElo "2253"]
[Result "0-1"]
[Round "10"]
[TimeControl "180+1"]
[Date "2021.12.07"]
[WhiteClock "0:00:05"]
[BlackClock "0:00:27"]

1. d4 Nf6 2. c4 g6 3. Nf3 Bg7 4. g3 O-O 5. Bg2 b6 6. O-O Bb7 7. d5 e6 8. Nc3 exd5 9. cxd5 d6 10. Nd4 a5 11. Bg5 h6 12. Bf4 Na6 13. Qd2 Kh7 14. a3 Re8 15. Rad1 Nc5 16. Rfe1 Nce4 17. Nxe4 Nxe4 18. Qc2 Nf6 19. Nc6 Qd7 20. e4 Bxc6 21. dxc6 Qe7 22. e5 dxe5 23. Rxe5 Qxe5 24. Bxe5 Rxe5 25. Bf3 Rae8 26. b4 axb4 27. axb4 h5 28. Kg2 Bf8 29. Rd7 R5e7 30. Rxe7 Bxe7 31. b5 Bd6 32. Qa2 Kg7 33. Bd5 Nxd5 34. Qxd5 Re7 35. h4 Re5 36. Qd3 Re6 37. Kh3 Rf6 38. f4 Rf5 39. Qb3 Rc5 40. Qd3 Rf5 41. Kg2 Rf6 42. Kf3 Re6 43. Kg2 f5 44. Qd4+ Kf7 45. Qh8 Re7 46. Qh7+ Kf6 47. Qg8 Rf7 48. Qd8+ Kg7 49. Kf3 Re7 50. Qc8 Bc5 51. Qd8 Re3+ 52. Kg2 Re2+ 53. Kf3 Rf2# 0-1


[Site "https://www.chess.com"]

[Event "Titled Tuesday Blitz December 7 2021"]
[White "Hakemi, Arman"]
[Black "Demchenko, Anton"]
[WhiteFideId "22520805"]
[BlackFideId "4160258"]
[WhiteElo "2208"]
[BlackElo "2531"]
[Result "0-1"]
[Round "10"]
[TimeControl "180+1"]
[Date "2021.12.07"]
[WhiteClock "0:00:03"]
[BlackClock "0:00:30"]

1. e4 e5 2. Nf3 Nc6 3. Nc3 Nf6 4. d4 exd4 5. Nxd4 Bb4 6. Nxc6 bxc6 7. Bd3 O-O 8. O-O d5 9. exd5 cxd5 10. h3 Rb8 11. Qf3 Rb6 12. Bg5 Bb7 13. Qg3 h6 14. Bf4 Nh5 15. Bxc7 Nxg3 16. Bxd8 Rxd8 17. fxg3 Bd6 18. g4 Rxb2 19. Rab1 Bc5+ 20. Kh1 Rxb1 21. Rxb1 Bc6 22. Ne2 g6 23. Rf1 Kg7 24. Rb1 Bb6 25. Rf1 Re8 26. h4 Re5 27. Ng3 Bd7 28. h5 Bd8 29. hxg6 fxg6 30. Rb1 Bb6 31. Rb4 Re1+ 32. Nf1 Kf6 33. Rf4+ Kg5 34. Rf8 Bxg4 35. Kh2 Bf5 36. g3 Bxd3 37. cxd3 Re2+ 38. Kh3 Rxa2 39. Nh2 h5 40. Nf3+ Kh6 41. g4 hxg4+ 42. Kxg4 Ra4+ 43. d4 Kg7 44. Rf4 Bc7 0-1


[Site "https://www.chess.com"]

[Event "Titled Tuesday Blitz December 7 2021"]
[White "Hamley, Ryan"]
[Black "Degtiarev, Evgeny"]
[WhiteFideId "30959497"]
[BlackFideId "4149610"]
[WhiteElo "2561"]
[BlackElo "2218"]
[Result "1-0"]
[Round "10"]
[TimeControl "180+1"]
[Date "2021.12.07"]
[WhiteClock "0:00:59"]
[BlackClock "0:00:09"]

1. e4 d5 2. exd5 Qxd5 3. Nc3 Qd6 4. d4 Nf6 5. Nf3 c6 6. Ne5 Nbd7 7. Nc4 Qc7 8. g3 Nd5 9. Nxd5 cxd5 10. Bf4 Qd8 11. Ne5 Nxe5 12. Bxe5 f6 13. Bf4 g6 14. h4 Qa5+ 15. c3 Bf5 16. Bg2 h5 17. O-O Kf7 18. Qb3 e6 19. c4 Rd8 20. cxd5 exd5 21. Qxb7+ Rd7 22. Qb3 Be7 23. Rfe1 g5 24. hxg5 fxg5 25. Be5 Rhd8 26. Qf3 Kg6 27. Rac1 Qa6 28. Bf1 Qe6 29. Bb5 Rb7 30. Rc6 Bd6 31. Ba4 Be4 32. Rxe4 dxe4 33. Qxe4+ Qf5 34. Rxd6+ Rxd6 35. Be8+ 1-0


[Site "https://www.chess.com"]

[Event "Titled Tuesday Blitz December 7 2021"]
[White "Harshavardhan G B"]
[Black "Garagulya, Konstantin"]
[WhiteFideId "25059009"]
[BlackFideId "4128931"]
[WhiteElo "1825"]
[BlackElo "2329"]
[Result "1-0"]
[Round "10"]
[TimeControl "180+1"]
[Date "2021.12.07"]
[WhiteClock "0:01:11"]
[BlackClock "0:00:11"]

1. Nf3 Nf6 2. c4 e6 3. g3 d5 4. Bg2 Nbd7 5. O-O a6 6. Nc3 dxc4 7. Qa4 Rb8 8. Qxc4 b5 9. Qb3 Bb7 10. d3 Bd6 11. a4 Nc5 12. Qc2 b4 13. Nb1 a5 14. b3 O-O 15. Nbd2 Bd5 16. Bb2 Bb7 17. Nc4 Ra8 18. e4 Nfd7 19. Rfe1 Be7 20. d4 Na6 21. Rad1 Nab8 22. d5 exd5 23. exd5 Bf6 24. Bc1 Nb6 25. Nxb6 cxb6 26. Nd4 Na6 27. Nc6 Qd7 28. Be4 g6 29. Bh6 Rfe8 30. Bg2 Nc5 31. Be3 Bc3 32. Bd2 Bxd2 33. Qxd2 Nxb3 34. Qg5 Nc5 35. Qf6 Bxc6 36. dxc6 Qc7 37. h4 h5 38. Bd5 b3 39. Qxg6+ Kf8 40. Qh6+ Kg8 41. Qg5+ Kf8 42. Qxh5 b2 43. Qh8# 1-0


[Site "https://www.chess.com"]

[Event "Titled Tuesday Blitz December 7 2021"]
[White "Hjartarson, Johann"]
[Black "Abdilkhair, Abilmansur"]
[WhiteFideId "2300044"]
[BlackFideId "13716417"]
[WhiteElo "2502"]
[BlackElo "2063"]
[Result "1/2-1/2"]
[Round "10"]
[TimeControl "180+1"]
[Date "2021.12.07"]
[WhiteClock "0:00:14"]
[BlackClock "0:00:03"]

1. Nf3 d5 2. g3 Bg4 3. Bg2 Nd7 4. c4 dxc4 5. Na3 c6 6. Nxc4 Ngf6 7. O-O e6 8. b3 Be7 9. Bb2 O-O 10. d4 a5 11. a3 Qc7 12. Re1 Rfd8 13. Qc2 c5 14. Nce5 Bh5 15. Rac1 Rac8 16. h3 Qb8 17. Nxd7 Nxd7 18. Qb1 a4 19. bxa4 Qa7 20. dxc5 Nxc5 21. Ne5 Nxa4 22. Rxc8 Rxc8 23. g4 Bg6 24. Nxg6 hxg6 25. Be5 Bxa3 26. Qxb7 Qxb7 27. Bxb7 Rc2 28. Ra1 Bb2 29. Bxb2 Rxb2 30. Rxa4 Rxb7 31. Kg2 1/2-1/2


[Site "https://www.chess.com"]

[Event "Titled Tuesday Blitz December 7 2021"]
[White "Ianov, Viktor"]
[Black "Gabrielian, Artur"]
[WhiteFideId "14102730"]
[BlackFideId "4131002"]
[WhiteElo "2307"]
[BlackElo "2440"]
[Result "0-1"]
[Round "10"]
[TimeControl "180+1"]
[Date "2021.12.07"]
[WhiteClock "0:00:10"]
[BlackClock "0:00:08"]

1. Nf3 Nf6 2. g3 g6 3. b3 Bg7 4. Bb2 O-O 5. Bg2 d6 6. d4 b5 7. O-O Bb7 8. Nbd2 Nbd7 9. c4 bxc4 10. Nxc4 a5 11. Rc1 a4 12. bxa4 c5 13. dxc5 Nxc5 14. a5 Ra6 15. Nd4 Bxg2 16. Kxg2 Qa8+ 17. f3 Rb8 18. Nb6 Qb7 19. Bc3 Nd5 20. Nxd5 Qxd5 21. Qd2 Ne6 22. e4 Qa8 23. Nb3 Rc6 24. Bxg7 Kxg7 25. Rxc6 Qxc6 26. Rc1 Qa4 27. Rc2 h5 28. h4 Kg8 29. Qc3 Kh7 30. Qc4 Qa3 31. f4 Rb4 32. Qd5 Qa4 33. f5 Rb5 34. Qc4 Rb4 35. Qd5 Rb5 36. Qd3 Ng7 37. fxg6+ fxg6 38. Rf2 Re5 39. Qc2 Rxe4 40. Rf7 Kg8 41. Rf2 Nf5 42. Qc8+ Kg7 43. Qc3+ Re5 44. Re2 Kf6 45. Rxe5 dxe5 46. Qd2 Qe4+ 47. Kh2 Ne3 48. Kg1 Kg7 49. a6 Qf3 50. a7 Qf1+ 51. Kh2 Ng4# 0-1


[Site "https://www.chess.com"]

[Event "Titled Tuesday Blitz December 7 2021"]
[White "Juhasz, Agoston"]
[Black "Elissalt Cardenas, Hector"]
[WhiteFideId "778346"]
[BlackFideId "3500632"]
[WhiteElo "2211"]
[BlackElo "2208"]
[Result "0-1"]
[Round "10"]
[TimeControl "180+1"]
[Date "2021.12.07"]
[WhiteClock "0:02:11"]
[BlackClock "0:01:59"]

1. e4 c5 2. Nc3 Nc6 3. f4 g6 4. Nf3 Bg7 5. Bc4 d6 6. d3 e6 7. O-O Nge7 8. Qe1 O-O 9. Qh4 d5 10. Bb3 Nd4 11. Nxd4 cxd4 12. Nd1 dxe4 13. dxe4 Nc6 14. Nf2 Qxh4 0-1


[Site "https://www.chess.com"]

[Event "Titled Tuesday Blitz December 7 2021"]
[White "Kadam, Om Manish"]
[Black "Guliev, Logman"]
[WhiteFideId "45076294"]
[BlackFideId "13400061"]
[WhiteElo "1729"]
[BlackElo "2128"]
[Result "0-1"]
[Round "10"]
[TimeControl "180+1"]
[Date "2021.12.07"]
[WhiteClock "0:00:19"]
[BlackClock "0:00:45"]

1. e4 c5 2. Nf3 Nc6 3. d4 cxd4 4. Nxd4 g6 5. c4 Bg7 6. Be3 Nf6 7. Nc3 d6 8. Be2 O-O 9. O-O Bd7 10. Qd2 Nxd4 11. Bxd4 Bc6 12. Bd3 a5 13. Rae1 a4 14. Kh1 Nd7 15. Bxg7 Kxg7 16. f4 Qa5 17. Bb1 a3 18. b3 Kg8 19. Rf3 b5 20. cxb5 Bxb5 21. Rh3 Bc6 22. f5 Nf6 23. Rc1 Rac8 24. e5 Qxe5 25. fxg6 fxg6 26. Re1 Ng4 27. Rg3 Rf2 28. Qd1 Rxg2 29. Ne4 Bxe4 30. Qxg4 Rxg3+ 31. Qxe4 Qxe4+ 32. Bxe4 Rgc3 33. Bd5+ Kf8 34. Rf1+ Ke8 35. Rf7 Rd3 36. Be6 Rc1+ 37. Kg2 Rc2+ 38. Kg1 Rd1+ 0-1


[Site "https://www.chess.com"]

[Event "Titled Tuesday Blitz December 7 2021"]
[White "Kalajzic, Ivan"]
[Black "Mitusov, Semen"]
[WhiteFideId "14506378"]
[BlackFideId "14151049"]
[WhiteElo "2163"]
[BlackElo "2246"]
[Result "1/2-1/2"]
[Round "10"]
[TimeControl "180+1"]
[Date "2021.12.07"]
[WhiteClock "0:00:14"]
[BlackClock "0:00:14"]

1. b3 d5 2. Bb2 Nf6 3. e3 e6 4. Nf3 b6 5. d4 Bb7 6. Bd3 Nbd7 7. O-O Bd6 8. Nbd2 O-O 9. Ne5 c5 10. f4 Ne4 11. Nxe4 dxe4 12. Bc4 Nxe5 13. dxe5 Be7 14. Qe2 a6 15. a4 Qc7 16. Rfd1 h6 17. Rd2 Rfd8 18. Rad1 a5 19. g4 Rxd2 20. Rxd2 Rd8 21. f5 exf5 22. gxf5 Bg5 23. e6 fxe6 24. Bxe6+ Kh7 25. h4 Bxh4 26. Rxd8 Qxd8 27. Qg4 Bg5 28. Kh1 Kh8 29. Be5 Ba6 30. c4 Bb7 31. Bf4 Bxf4 32. Qxf4 Qd1+ 33. Kh2 Qh5+ 34. Kg3 Kh7 35. Qb8 Qf3+ 36. Kh4 Qh1+ 37. Kg3 Qg1+ 38. Kh3 Qxe3+ 39. Kh2 Qf2+ 40. Kh3 Qf1+ 41. Kh2 Qe2+ 42. Kh3 Qh5+ 43. Kg3 Qg5+ 44. Kh2 Qh4+ 45. Kg1 Qg3+ 46. Kf1 Qd3+ 47. Kg1 Qd4+ 48. Kh2 Qd2+ 49. Kg1 Qe3+ 50. Kh2 Qf2+ 51. Kh3 Qf1+ 52. Kh2 Qf2+ 1/2-1/2


[Site "https://www.chess.com"]

[Event "Titled Tuesday Blitz December 7 2021"]
[White "Kalogeris, Ioannis"]
[Black "Bologan, Victor"]
[WhiteFideId "4239563"]
[BlackFideId "13900048"]
[WhiteElo "2287"]
[BlackElo "2472"]
[Result "0-1"]
[Round "10"]
[TimeControl "180+1"]
[Date "2021.12.07"]
[WhiteClock "0:00:02"]
[BlackClock "0:00:21"]

1. e4 e5 2. Nf3 Nc6 3. Nc3 Nf6 4. Bb5 Bb4 5. O-O O-O 6. d3 Bxc3 7. bxc3 d6 8. Bxc6 bxc6 9. Rb1 h6 10. h3 Re8 11. c4 c5 12. Rb3 a5 13. Bd2 a4 14. Rb2 Nh7 15. Qe2 f5 16. Rfb1 fxe4 17. Qxe4 Bd7 18. Rb7 Nf6 19. Qg6 Re6 20. Qg3 Bc6 21. Nh4 Bxb7 22. Rxb7 Ne8 23. Nf5 Kf8 24. Qg4 Rf6 25. Ne3 Qc8 26. Qxc8 Rxc8 27. Nd5 Rf7 28. Ne3 Nf6 29. Ra7 Ke7 30. Rxa4 Kd7 31. Ra7 Rff8 32. Ba5 Rfd8 33. a4 Ne8 34. Nd5 Ke6 35. Bxc7 Rd7 36. Bb6 Rxa7 37. Bxa7 Ra8 38. Bb6 Rxa4 39. g3 Nf6 40. Ne3 Ra1+ 41. Kg2 e4 42. Bd8 exd3 43. cxd3 Ra3 44. Bxf6 gxf6 45. Nd5 Ke5 46. Nf4 f5 47. Kf3 d5 48. cxd5 c4 49. Ke3 c3 50. d4+ Kd6 51. Kd3 Ra2 52. Kxc3 Rxf2 53. Kc4 Rf3 54. Nh5 Re3 55. Ng7 Rf3 56. Nh5 Kd7 57. g4 f4 58. Nf6+ Ke7 59. Ne4 Rxh3 60. d6+ Ke6 61. d5+ Kd7 62. Kd4 Ra3 63. Ke5 f3 64. Nc5+ Ke8 65. d7+ Ke7 66. d6+ Kd8 67. Ke6 Re3+ 68. Kd5 f2 69. Kc6 Rc3 0-1


[Site "https://www.chess.com"]

[Event "Titled Tuesday Blitz December 7 2021"]
[White "Kim, Sergey"]
[Black "Seletsky, Grigory"]
[WhiteFideId "13700570"]
[BlackFideId "14112191"]
[WhiteElo "2580"]
[BlackElo "2492"]
[Result "1/2-1/2"]
[Round "10"]
[TimeControl "180+1"]
[Date "2021.12.07"]
[WhiteClock "0:00:01"]
[BlackClock "0:00:04"]

1. d4 Nf6 2. c4 e6 3. Nc3 Bb4 4. Qc2 d5 5. a3 Be7 6. Nf3 O-O 7. Bg5 Nbd7 8. e3 b6 9. cxd5 exd5 10. Bd3 Bb7 11. O-O h6 12. Bh4 Re8 13. Ne5 Nxe5 14. dxe5 Nd7 15. Bg3 Nc5 16. Bf5 c6 17. Rad1 Bc8 18. Bh7+ Kh8 19. b4 Ne6 20. Bf5 Ng5 21. f4 Bxf5 22. Qxf5 g6 23. Qg4 h5 24. Qe2 Nh7 25. f5 Bg5 26. e6 Qe7 27. e4 Bf6 28. e5 Bg5 29. exf7 Qxf7 30. e6 Qg7 31. Be5 Bf6 32. Bxf6 Qxf6 33. fxg6 Qxg6 34. e7 Qg7 35. Qxh5 Rxe7 36. Ne2 Rg8 37. Ng3 Re5 38. Qh4 Qe7 39. Qh6 Re6 40. Qh5 Qg5 41. Qf3 Re3 42. Qf7 Rxa3 43. b5 cxb5 44. Rxd5 Qg7 45. Qf5 Ra1 46. Rd7 Rxf1+ 47. Kxf1 Rf8 48. Rxg7 Kxg7 49. Nh5+ Kg8 50. Ng3 Rxf5+ 51. Nxf5 Kf7 52. Ke2 Kf6 53. Nd4 a6 54. Kd3 Ke5 55. Nf3+ Kd5 56. g4 Nf6 57. g5 Nh5 58. g6 Ke6 59. Nd4+ Kf6 60. Ke4 Kxg6 61. Kd5 Kg5 62. Kc6 Kg4 63. Kxb6 Kh3 64. Kxa6 Kxh2 65. Kxb5 1/2-1/2


[Site "https://www.chess.com"]

[Event "Titled Tuesday Blitz December 7 2021"]
[White "Kislinsky, Alexey"]
[Black "Paravyan, David"]
[WhiteFideId "14108801"]
[BlackFideId "4194985"]
[WhiteElo "2335"]
[BlackElo "2656"]
[Result "1-0"]
[Round "10"]
[TimeControl "180+1"]
[Date "2021.12.07"]
[WhiteClock "0:00:06"]
[BlackClock "0:00:04"]

1. e4 e5 2. Nc3 Nf6 3. d4 exd4 4. Qxd4 Nc6 5. Qd3 Bc5 6. Bf4 d6 7. Qd2 O-O 8. O-O-O Ng4 9. Nh3 Be6 10. f3 Nge5 11. Ng5 Bb4 12. h4 h6 13. Nxe6 fxe6 14. Be3 Na5 15. Bd4 Nec4 16. Bxc4 Nxc4 17. Qe2 b5 18. Nxb5 d5 19. a3 Qd7 20. Nxc7 Qxc7 21. axb4 e5 22. Bc5 Qc6 23. b3 Nb6 24. exd5 Qf6 25. Qe4 Rfd8 26. g4 Nd7 27. g5 hxg5 28. hxg5 Qxg5+ 29. Kb2 Nf6 30. Qc4 Kf7 31. Rhg1 Qf5 32. d6+ Ke8 33. Rxg7 Rd7 34. Rdg1 Rxg7 35. Rxg7 Nd7 36. Qg8+ Nf8 37. d7+ Kd8 38. Bxf8 Kc7 39. Bd6+ Kb6 40. Qxa8 Qf4 41. d8=Q+ Kb5 42. Qb7# 1-0


[Site "https://www.chess.com"]

[Event "Titled Tuesday Blitz December 7 2021"]
[White "Korchmar, Vasiliy"]
[Black "Brunner, Nicolas"]
[WhiteFideId "24131750"]
[BlackFideId "620246"]
[WhiteElo "2370"]
[BlackElo "2372"]
[Result "1-0"]
[Round "10"]
[TimeControl "180+1"]
[Date "2021.12.07"]
[WhiteClock "0:00:04"]
[BlackClock "0:00:01"]

1. e4 e5 2. Nf3 Nc6 3. Bb5 a6 4. Ba4 Nf6 5. d3 d6 6. c4 g6 7. Nc3 Bg7 8. O-O O-O 9. Nd5 Nd7 10. Bg5 f6 11. Be3 Nc5 12. Bc2 Bg4 13. h3 Bxf3 14. Qxf3 Ne6 15. Qd1 Ncd4 16. Nc3 c6 17. Ne2 Nxe2+ 18. Qxe2 f5 19. f3 f4 20. Bf2 g5 21. b4 c5 22. Rab1 Qc7 23. Rb2 b6 24. Rfb1 Rab8 25. a4 a5 26. bxa5 bxa5 27. Rb5 Nd4 28. Bxd4 exd4 29. Qe1 Rxb5 30. cxb5 Rb8 31. Bb3+ Kh8 32. Bd5 Qb6 33. h4 Bf6 34. Kf2 gxh4 35. Qh1 Qc7 36. Qh3 Qg7 37. b6 Qg3+ 38. Ke2 Bd8 39. b7 Qxh3 40. gxh3 h6 41. Rg1 Bg5 42. Rb1 Bd8 43. Kd2 Kg7 44. Kc2 Kf8 45. Kb3 Ke7 46. Kc4 Kd7 47. Kb5 Ke7 48. Kc6 Kf6 49. Rg1 Ke7 50. Rg7+ Kf6 51. Rg8 Ke7 52. Rg7+ Kf6 53. Rf7+ Kg6 54. Kxd6 Bf6 55. Kc7 1-0


[Site "https://www.chess.com"]

[Event "Titled Tuesday Blitz December 7 2021"]
[White "Koridze, Lile"]
[Black "Stoyanov, Tsvetan"]
[WhiteFideId "13612514"]
[BlackFideId "2917173"]
[WhiteElo "1978"]
[BlackElo "2191"]
[Result "0-1"]
[Round "10"]
[TimeControl "180+1"]
[Date "2021.12.07"]
[WhiteClock "0:01:54"]
[BlackClock "0:00:05"]

1. d4 Nf6 2. c4 e6 3. Nc3 Bb4 4. e3 d5 5. Ne2 O-O 6. a3 Be7 7. Nf4 c6 8. Bd3 Nbd7 9. O-O dxc4 10. Bxc4 e5 11. dxe5 Nxe5 12. Bb3 Bf5 13. h3 Qxd1 14. Rxd1 Rfd8 15. Bd2 g5 16. Nfe2 Nd3 17. Nd4 Bg6 18. Bc1 Ne5 19. f4 gxf4 20. exf4 Bc5 21. fxe5 Rxd4 22. Be3 Rxd1+ 23. Nxd1 Nd7 24. e6 Bxe3+ 25. Nxe3 Nc5 26. exf7+ Bxf7 27. Bxf7+ Kxf7 28. Rf1+ Kg6 29. Nc4 Re8 30. b4 Nb3 31. Rd1 Re4 32. Nd6 Re7 33. Nc8 Re8 34. Nd6 Rd8 35. Rd3 Nc1 36. Rg3+ Kf6 37. Ne4+ Ke5 38. Nc3 Rd3 39. Rg5+ Kf4 40. Rg4+ Kf5 41. Ne4 Rd1+ 42. Kf2 Nd3+ 43. Ke3 Nb2 44. Nd6+ Rxd6 45. Rf4+ Ke5 46. Rf7 Nc4+ 47. Kf2 Rf6+ 0-1


[Site "https://www.chess.com"]